 Dungeon Crawl Stone Soup version 0.31.0-1-g2c135a0 (webtiles) character file.

Game seed: 11885949944192677034

3 jagoly the Trooper (level 1, -3/14 HPs)
             Began as a Gargoyle Monk on Feb 3, 2024.
             Slain by a ribbon worm (5 damage)
             ... on level 2 of the Dungeon.
             The game lasted 00:00:56 (188 turns).

jagoly the Trooper (Gargoyle Monk)                   Turns: 188, Time: 00:00:57

Health: -3/14      AC:  4    Str: 14    XL:     1   Next: 50%
Magic:  1/1        EV: 12    Int: 10    God:
Gold:   13         SH:  0    Dex: 12    Spells: 0/0 levels left

rFire   . . .        a - +0 hand axe
rCold   . . .        d - orb {light}
rNeg    + . .        b - +0 robe
rPois   ∞            (no helmet)
rElec   +            (no cloak)
rCorr   .            (no gloves)
SInv    .            (no boots)
Will    .....        (no amulet)
Stlth   +            (no ring)
HPRegen 0.22/turn    (no ring)
MPRegen 0.07/turn

%: no passive effects
@: glowing
A: sickness immunity, AC +2, negative energy resistance 1, electricity
resistance, torment resistance 1, petrification resistance
a: no special abilities


You were on level 2 of the Dungeon.
You visited 1 branch of the dungeon, and saw 2 of its levels.

You collected 13 gold pieces.

Inventory:

Hand Weapons
 a - a +0 hand axe (weapon)
Armour
 b - a +0 robe (worn)
 d - an orb of light (worn)
Jewellery
 g - a ring of wizardry
Scrolls
 f - a scroll of torment {unknown}
 h - a scroll of identify {unknown}
Potions
 c - a potion of ambrosia
 e - a potion of haste {unknown}


   Skills:
 + Level 3.3 Fighting
 * Level 2.8 Axes
 + Level 0.2 Armour
 + Level 2.4 Dodging


You couldn't memorise any spells.
You didn't know any spells.
Your spell library was empty.

Dungeon Overview and Level Annotations

Branches:
Dungeon (2/15) Zot: 11807

Altars:


Innate Abilities, Weirdness & Mutations

You are immune to sickness and miasma.
Your stone body is resilient. (AC +2)
You are immune to poison.
You resist negative energy. (rN+)
You are resistant to electric shocks. (rElec)
You are resistant to unholy torment.
You are immune to petrification.


Message History

Welcome, jagoly the Gargoyle Monk.
Everyone else who sought the Orb of Zot has failed.
Will you be different?
Press ? for a list of commands and other information.
Found a staircase leading out of the dungeon.
Adjust (i)tems, (s)pells, or (a)bilities?
Okay, then.
You enter the shallow water.
Moving in this stuff is going to be slow.
Found a coppery potion.
A rat comes into view.
The rat squeaks loudly.
A rat is nearby!
The rat barely misses you.
You barely miss the rat. The rat misses you.
You hit the rat.
The rat is severely wounded.
The rat bites you.
You hit the rat but do no damage.
The rat is severely wounded.
The rat misses you.
You hit the rat.
You kill the rat!
e - a coppery potion
Found a scroll labelled HISEGGOURI.
f - a scroll labelled HISEGGOURI
Found a sapphire ring.
Found a scroll labelled LYELEPLUOTS.
Found 13 gold pieces.
g - a ring of wizardry
h - a scroll labelled LYELEPLUOTS You now have 13 gold pieces.
An endoplasm comes into view.
The endoplasm barely misses you.
You hit the endoplasm.
The endoplasm is heavily wounded.
The endoplasm freezes you.
You are frozen.
The endoplasm misses you.
You hit the endoplasm.
You kill the endoplasm!
No target in view!
No target in view!
You open the door.
There is an open door here.
You open the door.
There is an open door here.
HP restored.
A goblin comes into view. It is wielding a +0 dagger.
A goblin is nearby!
Found a stone staircase leading down.
The goblin hits you but does no damage.
You hit the goblin.
You kill the goblin!
No target in view!
You see here a +0 dagger.
There is a stone staircase leading down here.
You climb downwards.
There is a stone staircase leading up here.
The ribbon worm expels a string of sticky webbing.
The stream of webbing hits you but does no damage.
You are caught in a web!
There is a web here.
The web tears apart.
You hit the ribbon worm.
The ribbon worm is lightly wounded.
The ribbon worm bites you but does no damage.
You hit the ribbon worm.
The ribbon worm is moderately wounded.
The ribbon worm bites you.
You hit the ribbon worm.
The ribbon worm is moderately wounded.
The ribbon worm expels a string of sticky webbing.
The stream of webbing hits you but does no damage.
You are caught in a web!
You struggle to detach yourself from the web.
The ribbon worm closely misses you.
You struggle to detach yourself from the web.
You struggle to detach yourself from the web.
The ribbon worm barely misses you.
The web tears apart.
The ribbon worm bites you.
You hit the ribbon worm.
The ribbon worm is moderately wounded.
The ribbon worm bites you!
Ouch! That really hurt!
* * * LOW HITPOINT WARNING * * *
You are too injured to fight recklessly!
You are too injured to fight recklessly!
Cleave: a) +0 hand axe
Press: ? - help, Dir - move target, f - ribbon worm
Aim: a ribbon worm (lightly wounded, haloed, about 3% to evade your +0 hand axe)
You hit the ribbon worm but do no damage.
The ribbon worm is lightly wounded.
The ribbon worm expels a string of sticky webbing.
The stream of webbing hits you but does no damage.
You are caught in a web!
You cannot attack while caught in a web.
Unknown command.
You cannot attack while caught in a web.
The web tears apart.
The ribbon worm bites you.
You die...

#.#
#.#
#.# #
#.#
#.#.#
#.#.#
+..<#
#.#.#
# #@#
#w#
#..
..#.
..#+#
....
....
#....


You could see a ribbon worm (catching breath).

Vanquished Creatures
  An endoplasm (D:1)
  A goblin (D:1)
  A rat (D:1)
3 creatures vanquished.

Notes
Turn   | Place    | Note
-------+----------+-------------------------------------------
     0 | D:1      | jagoly the Gargoyle Monk began the quest for the Orb.
     0 | D:1      | Reached XP level 1. HP: 14/14 MP: 1/1
   188 | D:2      | Slain by a ribbon worm

Illustrated notes

Levels and vault maps discovered:
D:1:      dpeg_arrival_more_subterranean_lakeside_camping, layout_basic
D:2:      layout_basic, serial_shops, shop, chequers_serial_rivers_small_a

Action                     || total
---------------------------++-------
  Melee: Hand axe          ||    12
 Armour: Robe              ||     7
  Dodge: Dodged            ||     7
